 Dungeon Crawl Stone Soup version 0.31-a0-965-g8a8ce12e04 (webtiles) character file.

Game seed: 7486467707471235797

15 LeprechaunX the Changeling (level 2, -12/18 HPs)
             Began as an Octopode Shapeshifter on Oct 26, 2023.
             Mangled by a sleepcap (21 damage)
             ... on level 2 of the Dungeon.
             The game lasted 00:00:31 (674 turns).

LeprechaunX the Changeling (Octopode Shapeshifter)   Turns: 674, Time: 00:00:32

Health: -12/18     AC:  1    Str: 13    XL:     2   Next: 50%
Magic:  2/2        EV:  2    Int: 12    God:
Gold:   42         SH:  0    Dex: 11    Spells: 1/1 levels left

rFire   . .          .
                       - Unarmed
rCold   . . .        (no shield)
rNeg    . . .        (helmet currently unavailable)
rPois   .            (no amulet)
rElec   .            (no ring)
rCorr   .            (no ring)
SInv    .            (no ring)
Will    .....        (no ring)
Stlth   ++           (no ring)
HPRegen 0.23/turn    (no ring)
MPRegen 0.08/turn    (no ring)
                     (no ring)

%: no passive effects
@: beast-form, sleeping
A: beast (slay +1), almost no armour, amphibious, 8 rings, camouflage 1,
gelatinous body 1, (nimble swimmer 1), tentacles
a: Begin Untransformation


You were on level 2 of the Dungeon.
You were a hulking beast.
You visited 1 branch of the dungeon, and saw 2 of its levels.

You collected 42 gold pieces.

Inventory:

Talismans
 b - a beast talisman
 c - a flux talisman
Scrolls
 e - 2 scrolls of fog {unknown}
 g - a scroll of torment {unknown}
 i - a scroll of identify {unknown}
 j - a scroll of noise {unknown}
Potions
 a - a potion of lignification
 d - a potion of invisibility {unknown}
 f - a potion of magic {unknown}
 h - a potion of attraction {unknown}


   Skills:
 + Level 1.4 Fighting
 - Level 2.0 Dodging
 + Level 3.2 Unarmed Combat
 * Level 3.3 Shapeshifting


You had one spell level left.
You didn't know any spells.
Your spell library contained the following spells:

 Spells                   Type           Power      Damage    Failure   Level
 Wereblood                Tmut           0%         N/A       45%         2
 Irradiate                Conj/Tmut      0%         3d11      100%        5


Dungeon Overview and Level Annotations

Branches:
Dungeon (2/15)

Altars:


Innate Abilities, Weirdness & Mutations

You are a hulking beast.
Your limbs bulge with bestial killing power. (Slay +1)
You cannot wear most types of armour.
You are amphibious.
You can wear up to eight rings at the same time.
Your skin changes colour to match your surroundings (Stealth+).
Your rubbery body absorbs attacks. (AC +1, EV +1)
((You are camouflaged when in or above water. (Stealth+)))
You have tentacles for arms and can constrict up to eight enemies at once.


Message History

Found a scroll labelled ZEXUHOC ATWY and an inky potion.
The sleepcap releases spores at you.
You are engulfed in a cloud of soporific spores!
You fall asleep.
You wake up.
You tentacle-slap the sleepcap but do no damage.
You grab the sleepcap.
You constrict the sleepcap, but do no damage.
The sleepcap releases spores at you.
You tentacle-slap the sleepcap.
The sleepcap is lightly damaged.
You constrict the sleepcap. You tentacle-slap the sleepcap.
You squeeze the sleepcap.
The sleepcap is moderately damaged.
You constrict the sleepcap. The sleepcap releases spores at you.
You tentacle-slap the sleepcap.
The sleepcap is heavily damaged.
You constrict the sleepcap. The sleepcap misses you.
You tentacle-slap the sleepcap but do no damage.
You squeeze the sleepcap, but do no damage.
The sleepcap is heavily damaged.
You constrict the sleepcap, but do no damage.
The sleepcap barely misses you.
Unknown command.
You tentacle-slap the sleepcap.
The sleepcap is heavily damaged.
You constrict the sleepcap. The sleepcap misses you.
You tentacle-slap the sleepcap.
The sleepcap is almost destroyed.
You constrict the sleepcap. The sleepcap barely misses you.
Unknown command.
You tentacle-slap the sleepcap but do no damage.
The sleepcap is almost destroyed.
You constrict the sleepcap. The sleepcap releases spores at you.
You are engulfed in a cloud of soporific spores!
You fall asleep.
You lose your grip on the sleepcap.
The sleepcap releases spores at you!!
Ouch! That really hurt!
You die...

... . .. .#.###.#
#......#
...!##.###
...#.####.#......#
?.....fh.......#
!..#.###..#....#
#>.....<....#
#.........#.#
####......#
#........#
#..#.......#
+.......##.#
##...#..# #


You could see a sleepcap.

Vanquished Creatures
  A worm (D:2)
  2 dart slugs
  An endoplasm (D:1)
  A goblin (D:1)
  2 kobolds (D:1)
  A rat (D:1)
8 creatures vanquished.

Notes
Turn   | Place    | Note
-------+----------+-------------------------------------------
     0 | D:1      | LeprechaunX the Octopode Shapeshifter began the quest for
                  | the Orb.
     0 | D:1      | Reached XP level 1. HP: 13/13 MP: 1/1
   287 | D:1      | Reached XP level 2. HP: 18/18 MP: 2/2
   674 | D:2      | Mangled by a sleepcap

Illustrated notes

Levels and vault maps discovered:
D:1:      lordsloth_arrival_two_stooges, layout_loops_ring, serial_park_tiny_2
D:2:      layout_basic, hangedman_glass_teeth

Action                     || total
---------------------------++-------
  Melee: Unarmed           ||    23
         Tentacles         ||     7
         Constrict         ||     6
   Stab: Sleeping          ||     5
 Armour: Skin              ||     8
  Dodge: Dodged            ||     7

Table legend: (Time is in decaauts)
 A = Elapsed time spent in this place.
 B = Non-inter-level travel time spent in this place.
 C = Inter-level travel time spent in this place.
 D = Time resting spent in this place.
 E = Time spent auto-exploring this place.
 F = Levels seen in this place.
 G = Mean time per level.
                   A        B        C        D        E       F      G
               +--------+--------+--------+--------+--------+-----+--------+
         Total |    673 |    664 |      9 |     66 |    524 |   2 |  336.5 |
       Dungeon |    673 |    664 |      9 |     66 |    524 |   2 |  336.5 |
               +--------+--------+--------+--------+--------+-----+--------+

Top non-repeatable levels by time:
     D:1: 647 daAuts
     D:2: 26 daAuts
